 Dungeon Crawl Stone Soup version 0.28.0-43-g3370ac3207 (webtiles) character file.

Game seed: 18317672248467230752

250954 DearestLeader the Tortoise (level 18, -7/172 HPs)
             Began as a Minotaur Fighter on Mar 21, 2022.
             Was the Champion of Okawaru.
             Mangled by a vault guard
             ... wielding a +0 bardiche
             ... led by a vault warden
              (20 damage)
             ... on level 1 of the Vaults.
             The game lasted 01:13:02 (32454 turns).

DearestLeader the Tortoise (Minotaur Fighter)      Turns: 32454, Time: 01:13:02

Health: -7/172     AC: 38    Str: 29    XL:     18   Next: 92%
Magic:  26/26      EV: 15    Int: 17    God:    Okawaru [******]
Gold:   1282       SH: 14    Dex: 15    Spells: 17/17 levels left

rFire   + + .      SeeInvis .   P - +4 broad axe (flame)
rCold   + + +      Faith    .   N - +0 kite shield {AC+3}
rNeg    + . .      Spirit   .   D - +4 gold dragon scales
rPois   +          Reflect  .   h - -2 hat of the Alchemist {rElec rPois rF+ rC+ rN+ Will+ rMut rCorr}
rElec   +          Harm     .   B - +2 cloak of Lewnesye {Int+6}
rCorr   +          Rampage  .   I - +1 pair of gloves {Str+3}
rMut    +                       Y - +2 pair of boots
Will    ++...                   Q - amulet of Beogh's Whim {rC+ Regen+ Int+4}
Stlth   ..........              F - +4 ring of evasion
HPRegen 0.00/turn               T - ring of the Ageing King {Wiz Dex+4}
MPRegen 0.20/turn

@: about to teleport, inhibited regen
A: horns 2, retaliatory headbutt, inhibited regeneration
}: 2/15 runes: decaying, gossamer
a: Renounce Religion, Heroism, Finesse, Duel


You were on level 1 of the Vaults.
You worshipped Okawaru.
Okawaru was exalted by your worship.
You visited 6 branches of the dungeon, and saw 32 of its levels.
You also visited: Ice Cave and Volcano.

You collected 3484 gold pieces.
You spent 2202 gold pieces at shops.

Inventory:

Hand Weapons
 P - a +4 broad axe of flaming (weapon)
Missiles
 y - 2 throwing nets
 H - 31 poisoned darts (quivered)
Armour
 h - the -2 hat of the Alchemist (worn) {rElec rPois rF+ rC+ rN+ Will+ rMut rCorr}
   (You acquired it on level 5 of the Dungeon)

   rF:        It protects you from fire.
   rC:        It protects you from cold.
   rElec:     It insulates you from electricity.
   rPois:     It protects you from poison.
   rN:        It protects you from negative energy.
   rCorr:     It protects you from acid and corrosion.
   rMut:      It protects you from mutation.
   Will:      It increases your willpower.
 B - the +2 cloak of Lewnesye (worn) {Int+6}
   (You found it on level 7 of the Dungeon)

   Int:       It affects your intelligence (+6).
 D - +4 gold dragon scales (worn)
 I - a +1 pair of gloves of strength (worn)
 N - a +0 kite shield of protection (worn)
 Y - a +2 pair of boots (worn)
Jewellery
 c - the ring of the King {rC- rCorr AC+4 Int+6}
   (You found it on level 1 of the Lair of Beasts)

   [ring of protection]

   AC:        It affects your AC (+4).
   Int:       It affects your intelligence (+6).
   rC:        It makes you vulnerable to cold.
   rCorr:     It protects you from acid and corrosion.
 f - a ring of resist corrosion
 i - a ring of fire
 w - a ring of see invisible
 x - a ring of poison resistance
 F - a +4 ring of evasion (left hand)
 Q - the amulet of Beogh's Whim (around neck) {rC+ Regen+ Int+4}
   (You bought it in a shop on level 5 of the Dungeon)

   [amulet of regeneration]

   Int:       It affects your intelligence (+4).
   rC:        It protects you from cold.
   Regen:     It increases your rate of health regeneration.
 T - the ring of the Ageing King (right hand) {Wiz Dex+4}
   (You bought it in a shop on level 11 of the Dungeon)

   [ring of wizardry]

   It improves your spell success rate.
   Dex:       It affects your dexterity (+4).
Wands
 a - a wand of paralysis (12)
 k - a wand of digging (3)
 q - a wand of acid (3)
 u - a wand of flame (77)
 C - a wand of polymorph (17)
 M - a wand of iceblast (11)
 O - a wand of mindburst (13)
Scrolls
 b - 8 scrolls of amnesia
 d - 2 scrolls of magic mapping
 e - 7 scrolls of fog
 g - 7 scrolls of fear
 p - 3 scrolls of blinking
 r - a scroll of holy word
 t - 9 scrolls of teleportation
 G - 2 scrolls of brand weapon
 K - a scroll of silence
 R - 7 scrolls of identify
 U - 2 scrolls of summoning
 V - a scroll of enchant weapon
Potions
 j - 8 potions of might
 l - 2 potions of cancellation
 m - 3 potions of haste
 n - 13 potions of curing
 o - 8 potions of resistance
 s - 7 potions of flight
 v - a potion of berserk rage
 z - 4 potions of attraction
 A - 4 potions of heal wounds
 E - 5 potions of mutation
 J - 7 potions of brilliance
 L - 4 potions of magic
 S - 6 potions of ambrosia
Miscellaneous
 W - a tin of tremorstones (2/2)
 X - a condenser vane


   Skills:
 + Level 18.2 Fighting
 - Level 16.0(18.0) Axes
 - Level 13.7(16.8) Polearms
 + Level 19.6 Armour
 + Level 12.9 Dodging
 + Level 17.0 Shields
 - Level 12.0 Invocations


You had 17 spell levels left.
You didn't know any spells.
Your spell library contained the following spells:

 Spells                   Type           Power      Damage    Failure   Level
 Beastly Appendage        Tmut           0%         N/A       82%         1
 Slow                     Hex            0%         N/A       82%         1
 Sting                    Tmut/Pois      0%         1d3       82%         1
 Blink                    Tloc           0%         N/A       91%         2
 Corpse Rot               Necr/Air       0%         N/A       91%         2
 Ensorcelled Hibernation  Hex/Ice        0%         N/A       91%         2
 Poisonous Vapours        Pois/Air       0%         N/A       91%         2
 Static Discharge         Conj/Air       0%         N/A       91%         2
 Sublimation of Blood     Necr           0%         N/A       91%         2
 Wereblood                Tmut           0%         N/A       91%         2
 Confusing Touch          Hex            0%         N/A       99%         3
 Frozen Ramparts          Ice            0%         1d2       99%         3
 Ozocubu's Armour         Ice            0%         N/A       99%         3
 Spider Form              Tmut/Pois      0%         N/A       99%         3
 Stone Arrow              Conj/Erth      0%         3d7       99%         3
 Vampiric Draining        Necr           0%         2d6       99%         3
 Anguish                  Hex/Necr       0%         N/A       100%        4
 Dispel Undead            Necr           0%         3d6       100%        4
 Fulminant Prism          Conj/Hex       0%         3d6       100%        4
 Ice Form                 Ice/Tmut       0%         N/A       100%        4
 Iskenderun's Mystic Bla  Conj/Tloc      0%         2d3       100%        4
 Olgreb's Toxic Radiance  Pois           0%         N/A       100%        4
 Petrify                  Tmut/Erth      0%         N/A       100%        4
 Alistair's Intoxication  Tmut/Pois      0%         N/A       100%        5
 Borgnjor's Vile Clutch   Necr/Erth      0%         N/A       100%        5
 Irradiate                Conj/Tmut      0%         3d14      100%        5
 Lee's Rapid Deconstruct  Erth           0%         3d5*      100%        5
 Lightning Bolt           Conj/Air       0%         1d11      100%        5
 Manifold Assault         Tloc           0%         N/A       100%        5
 Eringya's Noxious Bog    Tmut/Pois      0%         N/A       100%        6
 Statue Form              Tmut/Erth      0%         N/A       100%        6
 Ozocubu's Refrigeration  Ice            0%         4d5       100%        7
 Storm Form               Tmut/Air       0%         N/A       100%        7
 Disjunction              Tloc           0%         N/A       100%        8
 Lehudib's Crystal Spear  Conj/Erth      0%         10d2      100%        8
 Maxwell's Capacitive Co  Air            0%         ∞         100%        8
 Summon Small Mammal      Summ           Unusable   N/A       N/A         1
 Call Canine Familiar     Summ           Unusable   N/A       N/A         3
 Summon Guardian Golem    Hex/Summ       Unusable   N/A       N/A         3
 Animate Armour           Summ/Erth      Unusable   N/A       N/A         4
 Summon Ice Beast         Ice/Summ       Unusable   N/A       N/A         4
 Summon Forest            Summ/Tloc      Unusable   N/A       N/A         5
 Summon Mana Viper        Hex/Summ       Unusable   N/A       N/A         5
 Death Channel            Necr           Unusable   N/A       N/A         6
 Summon Cactus Giant      Summ           Unusable   N/A       N/A         6
 Summon Hydra             Summ           Unusable   N/A       N/A         7
 Infestation              Necr           Unusable   N/A       N/A         8

Dungeon Overview and Level Annotations

Branches:
Dungeon (15/15)            Temple (0/1) D:6            Lair (6/6) D:9
  Swamp (4/4) Lair:3       Spider (4/4) Lair:3        Slime (0/5) Lair:6
    Orc (2/2) D:12            Elf (0/3) Orc:2        Vaults (1/5) D:13
 Depths (0/4) D:15          IceCv (visited)         Volcano (visited)

Altars:
Cheibriados
Dithmenos
Fedhas
Gozag
Hepliaklqana
Makhleb
Okawaru
Qazlal
Ru
Sif Muna
Vehumet
Yredelemnul
Beogh

Shops:
D:4 [   D:5 (=(=   D:11 *   D:13 *((=[   Orc:1 **   Orc:2 :[:[


Innate Abilities, Weirdness & Mutations

You have a pair of horns on your head.
You reflexively headbutt those who attack you in melee.
You do not regenerate when monsters are visible.


Message History

The ironbound preserver is recalled.
The vault warden is recalled.
A vault warden comes into view. It is wielding a +0 great sword.
The ironbound preserver casts a spell.
The ironbound preserver begins to accept its allies' injuries.
The vault warden moves out of view.
You hit the vault guard. You burn the vault guard.
The vault guard is severely wounded.
Electricity crackles from the ironbound thunderhulk's apparatus.
The bolt of lightning hits you!! You resist.
* * * LOW HITPOINT WARNING * * *
The vault guard hits you but does no damage.
The yaktaur wields a +2 arbalest of flaming.
It bursts into flame!
The yaktaur shoots a bolt.
You block the bolt.
As you read the scroll of teleportation, it crumbles to dust.
You feel strangely unstable.
Electricity crackles from the ironbound thunderhulk's apparatus.
The bolt of lightning hits you! You resist.
* * * LOW HITPOINT WARNING * * *
The vault guard hits you but does no damage. x2
The vault warden activates a sealing rune.
A door slams shut!
You feel much better.
Electricity crackles from the ironbound thunderhulk's apparatus.
The bolt of lightning hits you! You resist.
* * * LOW HITPOINT WARNING * * *
The vault guard hits you but does no damage. x2
You closely miss the vault guard. You headbutt the vault guard.
The vault guard is severely wounded.
The vault guard hits you but does no damage.
You block the vault guard's attack.
An ironbound thunderhulk comes into view.
It is wielding a +0 dire flail.
Unknown command.
You closely miss the vault guard.
The ironbound thunderhulk shouts!
Your headbutt misses the vault guard.
The vault guard is severely wounded.
The vault guard hits you with a +3 war axe.
* * * LOW HITPOINT WARNING * * *
The vault guard hits you from afar with a +0 bardiche!!
You die...

.......# #......# .......#
#......#
.......###########+###
..)....#............#
..!....'...)).......#
.......#..))........#
.......#............#
.......#............#
.......#........@p..#
.......#..........p.#
.......#...........p######+
.......#............cp.....
.......##############p.O...
.......# ......
.......############## .....
.......#....#..#....+ .O...
.......#.)..........# p...


You could see an ironbound preserver, 2 vault wardens, an ironbound thunderhulk,
a yaktaur captain (sheltered) and 2 vault guards.

Vanquished Creatures
  A bone dragon (Swamp:4)
  Mlioglotl (Spider:2)
  Asterion (Spider:4)
  Kirke (Spider:1)
  A sphinx (Vaults:1)
  A fire giant (D:14)
  A frost giant (D:15)
  6 emperor scorpions
  3 vault wardens (Vaults:1)
  5 ghost moths
  4 ironbound preservers (Vaults:1)
  A ghoul (Swamp:3)
  3 very ugly things (Vaults:1)
  7 eleionomae
  2 bunyips
  2 entropy weavers
  Azrael (D:12)
  A minotaur (Orc:2)
  2 spark wasps
  The ghost of Cykl0x the Destroyer, a journeyman GrEE of Vehumet (D:14)
  The ghost of P0WERM0DE the Covert, a journeyman OpMo of Nemelex Xobeh (Orc:2)
  An ettin (D:13)
  6 yaktaur captains (Vaults:1)
  A fire dragon (Lair:6)
  3 shambling mangroves
  A great orb of eyes (Vaults:1)
  8 boulder beetles
  A rakshasa (D:14)
  2 vault guards
  2 ironbound frosthearts (Vaults:1)
  22 centaur warriors
  22 hydras
  7 two-headed ogres
  3 ghost crabs
  Erica (D:8)
  A death knight (D:13)
  8 alligators
  6 death yaks (Lair:4)
  5 tengu warriors
  4 orc high priests (Orc:2)
  Sonja (Lair:2)
  Nergalle (Lair:1)
  An iron troll (D:13)
  7 spriggans
  6 goliath frogs
  4 pharaoh ants
  A sun moth (Spider:4)
  10 deep trolls (Vaults:1)
  A death drake (Swamp:4)
  4 wizards
  2 spriggan druids (Swamp:3)
  4 swamp dragons
  3 steelbarb worms
  7 orb spiders
  A lindwurm (Vaults:1)
  4 ironbound convokers (Vaults:1)
  An orc knight (Orc:1)
  2 phantasmal warriors
  A spectral hydra (Swamp:4)
  2 deep elf pyromancers
  9 bog bodies
  3 orc sorcerers
  20 wolf spiders
  6 cyclopes
  5 will-o-the-wisps
  5 manticores (D:14)
  11 ugly things
  A moth of wrath (Spider:4)
  19 elephants
  Joseph (D:8)
  4 vault sentinels (Vaults:1)
  3 torpor snails (Spider:3)
  4 ice statues
  A smoke demon (Volcano)
  19 cane toads
  7 black mambas
  2 yaktaurs (Vaults:1)
  7 kobold demonologists
  14 rime drakes
  3 tengu conjurers
  5 demonic crawlers
  14 komodo dragons
  3 swamp worm zombies (Swamp:4)
  4 hydra zombies (Swamp:4)
  4 freezing wraiths
  2 red devils (Volcano)
  12 meliai
  15 polar bears
  12 hornets
  3 trolls
  A wolf spider simulacrum (D:15)
  15 tyrant leeches
  A raiju (Lair:6)
  14 tarantellas
  17 blink frogs
  3 alligator zombies (Swamp:4)
  13 slime creatures
  3 spectral swamp dragons (Swamp:4)
  A hornet (shapeshifter) (D:15)
  6 dream sheep (Lair:6)
  18 jumping spiders
  A centaur simulacrum (D:14)
  11 culicivoras
  2 wraiths
  4 fire elementals (D:12)
  2 shadows
  2 water elementals
  2 vampires
  66 yaks
  14 wyverns
  2 dire elephant simulacra (IceCv)
  4 humans
  10 basilisks
  21 vampire mosquitoes
  A yak (shapeshifter) (D:14)
  7 steam dragons
  4 hogs (Spider:1)
  41 redbacks
  2 death yak simulacra (IceCv)
  7 wargs
  4 acid dragons
  10 swamp worms
  Menkaure (D:7)
  6 swamp drakes
  17 water moccasins
  17 hell hounds
  19 orc warriors
  A sky beast (D:5)
  3 ice beasts
  A hornet zombie (D:9)
  A black bear (shapeshifter) (D:13)
  4 necrophages
  13 black bears
  3 swamp dragon zombies (Swamp:4)
  32 wolves
  5 boggarts (D:15)
  2 ogres (D:13)
  11 centaurs
  The ghost of vilexx the Magician, an amateur DsWz (D:5)
  4 phantoms
  12 bullfrogs
  3 kobold brigands
  A gnoll sergeant (D:7)
  4 scorpions
  A wyvern skeleton (D:7)
  3 killer bees (D:7)
  3 wights (D:9)
  2 electric eels
  A centaur zombie (D:5)
  4 jellies
  4 hounds
  29 orc priests
  A gnoll shaman (D:8)
  A bullfrog skeleton (D:6)
  3 iguanas
  A human skeleton (D:8)
  22 orc wizards
  A spectral swamp drake (Swamp:4)
  5 hell rats
  2 polar bear simulacra (IceCv)
  A wolf simulacrum (IceCv)
  A howler monkey skeleton (D:5)
  10 gnolls
  4 adders
  3 swamp drake zombies (Swamp:4)
  A shadow imp (D:8)
  3 white imps
  2 ufetubi
  A worm (D:3)
  2 dart slugs
  66 orcs
  9 endoplasms
  2 giant cockroaches
  A goblin (D:2)
  11 hobgoblins
  4 jackals (D:4)
  4 quokkas
  6 ball pythons
  6 bats
  4 frilled lizards
  A jackal skeleton (D:8)
  15 kobolds
  7 rats
  A spectral kobold (D:10)
1149 creatures vanquished.

Vanquished Creatures (others)
  A fire giant (D:14)
  A two-headed ogre (D:14)
  A wizard (Vaults:1)
  A phantasmal warrior (Swamp:4)
  6 bloated husks
  2 yaks (D:12)
  3 vampire mosquitoes
  4 phantoms (Swamp:4)
  An orc (D:9)
  A bush (Lair:4)
  20 foxfires
  34 fungi
  63 plants
138 creatures vanquished.

Grand Total: 1287 creatures vanquished

Notes
Turn   | Place    | Note
-------+----------+-------------------------------------------
     0 | D:1      | DearestLeader the Minotaur Fighter began the quest for the
                  | Orb.
     0 | D:1      | Reached XP level 1. HP: 19/19 MP: 0/0
   264 | D:1      | Reached XP level 2. HP: 23/27 MP: 1/1
  1023 | D:2      | Noticed a black bear
  1043 | D:2      | Killed a black bear
  1044 | D:2      | Reached skill level 4 in Armour
  1044 | D:2      | Reached skill level 1 in Dodging
  1044 | D:2      | Reached XP level 3. HP: 18/34 MP: 2/2
  1044 | D:2      | Reached XP level 4. HP: 22/41 MP: 3/3
  1090 | D:2      | Identified the +8 trident "Peise" {vorpal, *Noise MP+9
                  | Str+4 Dex+4}
  1824 | D:3      | Reached skill level 1 in Polearms
  1917 | D:3      | Reached XP level 5. HP: 47/47 MP: 4/4
  1986 | D:3      | Found a sacrificial altar of Ru.
  2732 | D:4      | Reached skill level 5 in Fighting
  2965 | D:4      | Reached XP level 6. HP: 47/56 MP: 5/5
  3067 | D:4      | Found Zufuevin's Armour Shop.
  3072 | D:4      | Bought a +0 pair of boots for 63 gold pieces
  3178 | D:4      | Reached skill level 5 in Polearms
  3786 | D:5      | Entered Level 5 of the Dungeon
  3805 | D:5      | Found Ypiuqu's Weapon Shoppe.
  3822 | D:5      | Found Xusall's Jewellery Emporium.
  3851 | D:5      | Found a runed translucent door.
  3867 | D:5      | Reached XP level 7. HP: 61/61 MP: 6/6
  3909 | D:5      | Found Ythrarasa's Antique Weapon Boutique.
  3912 | D:5      | Found a radiant altar of Vehumet.
  4066 | D:5      | Found Pobine Zoeg's Jewellery Emporium.
  4274 | D:5      | Found an opulent altar of Gozag.
  4442 | D:5      | Noticed vilexx's ghost (amateur DsWz)
  4517 | D:5      | Killed vilexx's ghost
  4518 | D:5      | Reached skill level 5 in Armour
  4518 | D:5      | Reached XP level 8. HP: 65/68 MP: 7/7
  4559 | D:6      | Found an iron altar of Okawaru.
  4563 | D:6      | Reached skill level 6 in Armour
  4566 | D:6      | Reached skill level 10 in Polearms
  4575 | D:6      | Became a worshipper of Warmaster Okawaru
  4812 | D:6      | Found a staircase to the Ecumenical Temple.
  4818 | D:6      | Reached skill level 7 in Armour
  4861 | D:6      | Reached * piety under Okawaru
  4862 | D:6      | Reached XP level 9. HP: 47/74 MP: 8/8
  5021 | D:6      | Identified the +10 long sword of the Freezing Dove {spect,
                  | *Noise rPois rF++ rCorr}
  5456 | D:7      | Found a shimmering blue altar of Sif Muna.
  5532 | D:7      | Identified the +1 scale mail of Good Intentions {Int+2
                  | Dex+4}
  5535 | D:7      | Identified the +2 cloak of Lewnesye {Int+6}
  5931 | D:7      | Noticed Menkaure
  5936 | D:7      | Killed Menkaure
  5937 | D:7      | Reached skill level 1 in Invocations
  6052 | D:7      | Reached ** piety under Okawaru
  6183 | D:8      | Noticed Joseph
  6191 | D:8      | Noticed Erica
  6192 | D:8      | Killed Joseph
  6193 | D:8      | Reached skill level 8 in Armour
  6497 | D:8      | Killed Erica
  6609 | D:8      | Found a stormy altar of Qazlal.
  6645 | D:8      | Reached *** piety under Okawaru
  6661 | D:8      | Reached XP level 10. HP: 84/84 MP: 11/11
  6826 | D:8      | Found a snail-covered altar of Cheibriados.
  6859 | D:8      | Found a blossoming altar of Fedhas.
  6933 | D:8      | Found a shadowy altar of Dithmenos.
  6997 | D:8      | Found a runed translucent door.
  6999 | D:8      | Found a basalt altar of Yredelemnul.
  7016 | D:8      | Reached **** piety under Okawaru
  7017 | D:8      | Reached skill level 9 in Armour
  7633 | D:9      | Found a staircase to the Lair.
  7761 | D:9      | Found a burning altar of Makhleb.
  7976 | D:10     | Entered Level 10 of the Dungeon
  8213 | D:10     | Reached ***** piety under Okawaru
  8214 | D:10     | Reached skill level 5 in Invocations
  8358 | D:10     | Reached skill level 10 in Armour
  8482 | D:10     | Found a hazy altar of Hepliaklqana.
  8721 | D:10     | Reached XP level 11. HP: 95/95 MP: 13/13
  9086 | Lair:1   | Entered Level 1 of the Lair of Beasts
  9151 | Lair:1   | Received a gift from Okawaru
  9309 | Lair:1   | Noticed a five-headed hydra
  9314 | Lair:1   | Killed a five-headed hydra
  9316 | Lair:1   | Reached skill level 5 in Dodging
  9409 | Lair:1   | Identified the ring of the King {rC- rCorr AC+4 Int+6}
  9867 | D:5      | Bought the amulet of Beogh's Whim {rC+ Regen+ Int+4} for
                  | 628 gold pieces
  9884 | D:5      | Identified a scroll of acquirement
  9886 | D:5      | Acquired the -2 hat of the Alchemist {rElec rPois rF+ rC+
                  | rN+ Will+ rMut rCorr}
  9886 | D:5      | Found the -2 hat of the Alchemist {rElec rPois rF+ rC+ rN+
                  | Will+ rMut rCorr}
 10309 | Lair:1   | Noticed Nergalle
 10319 | Lair:1   | Killed Nergalle
 10320 | Lair:1   | Reached skill level 10 in Fighting
 10320 | Lair:1   | Reached skill level 11 in Armour
 10650 | Lair:2   | Noticed Sonja
 10666 | Lair:2   | Killed Sonja
 10840 | Lair:2   | Reached XP level 12. HP: 100/110 MP: 16/16
 11594 | Lair:3   | Noticed an eight-headed hydra
 11607 | Lair:3   | Killed an eight-headed hydra
 11607 | Lair:3   | Reached ****** piety under Okawaru
 11636 | Lair:3   | Found a staircase to the Swamp.
 11637 | Lair:3   | You fall into a shaft and drop 1 floor!
 11665 | Lair:3   | Noticed a six-headed hydra
 11665 | Lair:3   | Noticed a five-headed hydra
 11737 | Lair:3   | Received a gift from Okawaru
 11808 | Lair:3   | Reached skill level 12 in Armour
 11931 | Lair:3   | Killed a six-headed hydra
 11931 | Lair:3   | Received a gift from Okawaru
 11946 | Lair:3   | Found a dark tunnel.
 11955 | Volcano  | Entered a volcano
 12254 | Lair:3   | Killed a five-headed hydra
 12280 | Lair:3   | Reached skill level 5 in Axes
 12281 | Lair:3   | Identified the +0 robe of Protective Custody {rElec rF+
                  | Int+2 Archmagi} (Okawaru gifted it to you on level 3 of the
                  | Lair of Beasts)
 12281 | Lair:3   | Received a gift from Okawaru
 12356 | Lair:3   | Found a hole to the Spider Nest.
 12520 | Lair:3   | Reached XP level 13. HP: 82/122 MP: 18/18
 12970 | Lair:3   | Got the Handbook of Stones
 13184 | Lair:4   | Reached skill level 13 in Armour
 14092 | Lair:5   | Received a gift from Okawaru
 14237 | Lair:4   | Reached skill level 10 in Axes
 14338 | Lair:5   | Reached skill level 10 in Invocations
 14770 | Lair:6   | Entered Level 6 of the Lair of Beasts
 14775 | Lair:6   | Received a gift from Okawaru
 14778 | Lair:6   | Reached skill level 14 in Armour
 14846 | Lair:6   | Found a staircase to the Slime Pits.
 14924 | Lair:6   | Reached XP level 14. HP: 117/129 MP: 20/20
 15808 | Lair:6   | Identified the +8 chain mail of Experimentation {rPois rC+
                  | rN+ Will+} (Okawaru gifted it to you on level 6 of the Lair
                  | of Beasts)
 15808 | Lair:6   | Received a gift from Okawaru
 15882 | Lair:6   | Reached skill level 15 in Armour
 16765 | D:11     | Found Yssuvubri's Assorted Antiques.
 16772 | D:11     | Bought a transparent steel ring for 175 gold pieces
 16772 | D:11     | Identified the ring of the Ageing King {Wiz Dex+4} (You
                  | bought it in a shop on level 11 of the Dungeon)
 17500 | D:12     | Found a frozen archway.
 17517 | IceCv    | Entered an ice cave
 17628 | IceCv    | Got the Incunabulum of the Dark Compass
 17742 | D:12     | Noticed Azrael
 17760 | D:12     | Killed Azrael
 17768 | D:12     | Reached XP level 15. HP: 34/136 MP: 22/22
 17876 | D:12     | Found a staircase to the Orcish Mines.
 18231 | Orc:1    | Entered Level 1 of the Orcish Mines
 18465 | Orc:1    | Found Atatynuxt's Specific Store.
 18479 | Orc:1    | Received a gift from Okawaru
 18490 | Orc:1    | Found Nuypny Raat's General Store.
 18504 | Orc:1    | Bought a potion of heal wounds for 75 gold pieces
 18755 | Orc:2    | Entered Level 2 of the Orcish Mines
 18769 | Orc:2    | Found a staircase to the Elven Halls.
 18828 | Orc:2    | Found a runed translucent gate.
 18828 | Orc:2    | Found a runed translucent gate.
 18865 | Orc:2    | Noticed P0WERM0DE's ghost (journeyman OpMo)
 18898 | Orc:2    | Found a runed translucent gate.
 18923 | Orc:2    | Killed P0WERM0DE's ghost
 19243 | Orc:2    | Found Zyom Qigo's Book Shop.
 19243 | Orc:2    | Found Agaimm's Armour Boutique.
 19243 | Orc:2    | Found Liasoeq's Antique Armour Shop.
 19342 | Orc:2    | Found Wintihot's Book Boutique.
 19346 | Orc:2    | Bought a shiny buckler for 217 gold pieces
 19597 | D:13     | Reached skill level 15 in Axes
 19692 | D:13     | Found a gate to the Vaults.
 20175 | D:13     | Reached skill level 16 in Armour
 20232 | D:13     | Found Jarylloj's Jewellery Shop.
 20237 | D:13     | Found Ekyipy's Armour Shoppe.
 20237 | D:13     | Found Tavvuz's Weapon Emporium.
 20238 | D:13     | Found Unifebro's Antique Weapon Shoppe.
 20238 | D:13     | Found Plog's General Store.
 20297 | D:13     | Bought +1 gold dragon scales for 1044 gold pieces
 21010 | D:14     | Received a gift from Okawaru
 21350 | D:14     | Reached skill level 15 in Fighting
 21520 | D:14     | Found a transporter.
 21520 | D:14     | Noticed Cykl0x's ghost (journeyman GrEE)
 21522 | D:14     | Found a transporter.
 21522 | D:14     | Noticed a fire giant
 21523 | D:14     | Identified the +3 great mace of Caci {flame, +Blink Str+4
                  | Stlth+}
 21523 | D:14     | Noticed a fire giant
 22470 | D:14     | Killed a fire giant
 22473 | D:14     | Reached skill level 5 in Shields
 22481 | D:14     | Killed a fire giant
 22497 | D:14     | Killed Cykl0x's ghost
 22600 | D:15     | Entered Level 15 of the Dungeon
 22637 | D:15     | Reached XP level 16. HP: 145/149 MP: 24/24
 23079 | D:15     | Reached skill level 10 in Shields
 23079 | D:15     | Received a gift from Okawaru
 23219 | D:15     | Found a shadowy altar of Dithmenos.
 23271 | D:15     | Found a staircase to the Depths.
 23765 | Swamp:1  | Entered Level 1 of the Swamp
 24149 | Swamp:1  | Received a gift from Okawaru
 24301 | Swamp:2  | Reached skill level 17 in Armour
 24433 | Swamp:2  | Received a gift from Okawaru
 25389 | Swamp:3  | Received a gift from Okawaru
 25446 | Swamp:3  | Reached XP level 17. HP: 118/157 MP: 25/25
 25883 | Swamp:4  | Entered Level 4 of the Swamp
 26472 | Swamp:4  | Reached skill level 10 in Dodging
 26562 | Swamp:4  | Noticed a bone dragon
 26605 | Swamp:4  | Killed a bone dragon
 26619 | Swamp:4  | Got a decaying rune of Zot
 26860 | Spider:1 | Entered Level 1 of the Spider Nest
 26960 | Spider:1 | Received a gift from Okawaru
 27123 | Spider:1 | Noticed Kirke
 27134 | Spider:1 | Killed Kirke
 27426 | Spider:1 | Reached skill level 18 in Armour
 27510 | Spider:1 | Reached skill level 15 in Shields
 27893 | Spider:2 | Noticed Mlioglotl
 27906 | Spider:2 | Killed Mlioglotl
 27962 | Spider:2 | Received a gift from Okawaru
 28859 | Spider:2 | Reached XP level 18. HP: 38/168 MP: 1/26
 29768 | Spider:4 | Entered Level 4 of the Spider Nest
 29813 | Spider:4 | Noticed Asterion
 30033 | Spider:4 | Received a gift from Okawaru
 30582 | Spider:4 | Gained mutation: You do not regenerate when monsters are
                  | visible. [a cacodemon]
 30589 | Spider:4 | Killed Asterion
 30778 | Spider:4 | Got a gossamer rune of Zot
 31248 | Vaults:1 | Entered Level 1 of the Vaults
 31355 | Vaults:1 | Reached skill level 19 in Armour
 31698 | Vaults:1 | Received a gift from Okawaru
 31763 | Vaults:1 | Received a gift from Okawaru
 32371 | Vaults:1 | Received a gift from Okawaru
 32451 | Vaults:1 | HP: 4/172 [ironbound thunderhulk/bolt of lightning[a vault
                  | warden] (16)]
 32454 | Vaults:1 | Mangled by a vault guard

Illustrated notes

Levels and vault maps discovered:
D:1:      ncdulo_halloftheorcs, layout_basic, chequers_big_river
D:2:      layout_basic, st_stairs_2, eino_tiny_chamber,
          nicolae_concentric_dashed_squares_mild, minmay_stone_trees_medium,
          minmay_misc_feat_encased
D:3:      layout_loops_cross, mainiacjoe_overflow_paths,
          hangedman_decor_peaks_small, kennysheep_generic_room_2
D:4:      layout_basic, serial_shops, nicolae_shop_hallway_plus
D:5:      layout_rooms, grunt_gozag_statues, mainiacjoe_overflow_boulevard,
          serial_shops, nicolae_shop_bloodbath_and_beyond, nicolae_shop_trees,
          nicolae_lakefront_shop, shop, ebering_ghost_reflecting_pool
D:6:      kennysheep_big_flooded_room, layout_loops_ring,
          mainiacjoe_overflow_tiny_flanked, minmay_temple_entry_sparse_star,
          palyth_stone_intersect
D:7:      layout_basic, kennysheep_mini_moat, uniq_menkaure
D:8:      layout_gridville, dk_yredelemnul_ordeal, mainiacjoe_overflow_alcove_4,
          cheibriados_altar_1, mainiacjoe_overflow_alcove_2,
          kennysheep_little_box, uniq_erica, uniq_joseph
D:9:      layout_loops_ring, lightli_temple_of_fire, erik_lair_dragon
D:10:     layout_stronghold, nicolae_hepliaklqana_monster_ancestors
D:11:     layout_basic, serial_shops, nicolae_shop_crystal
D:12:     minmay_statue_hallways, layout_cave_pools, orc_0_dummy,
          portal_ice_cave_rime, uniq_azrael
D:13:     layout_basic, david_vaults_4, special_room [special_room_orc],
          nicolae_wooded_promenade, kennysheep_cross_bottleneck
D:14:     layout_basic, minivault_27, gammafunk_ghost_smash, onia_ninara_cookie
D:15:     grunt_enter_depths_snipers, layout_loops_ring, special_room
          [special_room_mythical_zoo], minmay_misc_feat_x,
          grunt_dithmenos_shadows
Lair:1:   layout_regular_city, lemuel_fruit_tree, uniq_nergalle
Lair:2:   layout_roguey, wad_woods_road_04, uniq_sonja
Lair:3:   nzn_winding_woodlands_stair_cross [nzn_winding_woodlands_5x15_jagged,
          nzn_winding_woodlands_center_triple_pond,
          nzn_winding_woodlands_5x15_pool,
          nzn_winding_woodlands_5x5_closed_star,
          nzn_winding_woodlands_5x5_default,
          nzn_winding_woodlands_5x15_pathside_ponds,
          nzn_winding_woodlands_center_garden,
          nzn_winding_woodlands_5x15_zeroes], layout_long_grid, swamp_mist_pool,
          spider_nest_entry_rubble, nicolae_volcano_entry_two_sided,
          chequers_serial_rivers_micro_e
Lair:4:   layout_layer_cave
Lair:5:   hellmonk_destroyed_diamonds, layout_hall_layers, serial_bayou_pond_d
Lair:6:   guppyfry_lair_end_dragon, layout_hall_layers,
          hangedman_lair_caniforms_friends, minmay_slime_entry_pillars
Swamp:1:  layout_falls_marsh, evilmike_swamp_ruin_rubble_1, swamp_pool5
Swamp:2:  nicolae_swamp_tree_isthmus, layout_basic_swamp,
          evilmike_swamp_ruin_house_5
Swamp:3:  nicolae_swamp_wrong_neighborhood, layout_basic_swamp,
          evilmike_swamp_ruin_wall, swamp_pool1
Swamp:4:  swamp_pestilence, layout_basic_swamp, swamp_pool3
Spider:1: layout_spider_delve, uniq_kirke
Spider:2: layout_spider_delve, uniq_mlioglotl
Spider:3: layout_spider_delve
Spider:4: guppyfry_spider_rune, uniq_asterion
Orc:1:    layout_caves, nicolae_specific_store
Orc:2:    st_orc_mages, layout_diamond_mine, maelrawn_ghost_gauntlet_escape,
          basic_altar
Vaults:1: vaults_mumra_minichess_inversion, vaults_room_corners,
          grunt_vaults_hallway_long, ontoclasm_vaults_spin,
          nicolae_vaults_bisected_slash, v_misc_1, hangedman_vaults_maws,
          nicolae_vaults_border_crossing, v_misc_13, vaults_dpeg_encased_lava,
          serial_ice_m, layout_vaults_omnicross

Skill      XL: |  1  2  3  4  5  6  7  8  9 10 11 12 13 14 15 16 17 18 |
---------------+-------------------------------------------------------+-----
Axes           | 4 5 10 14 16 | 16.0
Fighting       | 4 5 6 8 11 13 15 16 18 | 18.2
Armour         | 4 5 7 8 10 11 12 14 15 16 17 18 19 | 19.6
Dodging        | 1 2 3 6 8 9 11 12 | 12.9
Shields        | 4 6 13 15 17 | 17.0
Polearms       | 1 4 6 8 11 12 13 | 13.7
Invocations    | 3 5 7 8 10 11 12 | 12.0

Action                   |  1- 3 |  4- 6 |  7- 9 | 10-12 | 13-15 | 16-18 || total
-------------------------+-------+-------+-------+-------+-------+-------++-------
Melee: War axe           |    43 |     4 |       |       |       |       ||    47
       Headbutt          |     5 |    15 |    20 |   108 |   257 |   363 ||   768
       Trident           |       |   116 |   186 |   473 |       |       ||   775
       Broad axe         |       |       |       |    42 |  1133 |  1382 ||  2557
Invok: Heroism           |       |       |       |       |       |     1 ||     1
       Finesse           |       |       |       |       |       |     1 ||     1
Evoke: Wand              |       |       |     7 |       |     5 |     1 ||    13
  Use: Potion            |     1 |       |     1 |       |       |     3 ||     5
       Scroll            |       |     5 |     8 |    11 |     8 |    10 ||    42
 Stab: Confused          |       |       |       |     2 |       |     1 ||     3
       Paralysed         |       |       |       |       |     1 |       ||     1
Armor: Scale mail        |    32 |    13 |     1 |       |       |       ||    46
       Plate armour      |       |       |    42 |   148 |   282 |       ||   472
       Chain mail        |       |       |       |       |   238 |       ||   238
       Gold dragon scale |       |       |       |       |   111 |   906 ||  1017
Dodge: Dodged            |    29 |    34 |    27 |   217 |   758 |   726 ||  1791
Block: Buckler           |    10 |    12 |    26 |    68 |   233 |       ||   349
       Kite shield       |       |       |       |       |    12 |   980 ||   992
